AoeStats
← NDF

Arabia

504620293Analyzed
2v2 RM · 26d ago on Sep 6, 2026· 55m 5s· 4 players
Game mode
Random Map
Map size
Medium (4 player)
Population
200
Speed
Normal
Resources
Standard
Victory
Conquest
Starting age
Dark Age
Ending age
Imperial Age
RankedLock teamsTeams togetherTeam positionsShared explorationLock speedFull tech treeHidden civsTurbo modeCheats
Victory
Defeat
🇺🇸 Mapuche · United States
769
+14
🇺🇸 Tupi · United States
754
+14
🇦🇷 Teutons · Argentina
718
-14
🇦🇷 Spanish · Argentina
717
-14
NDF
3:02 Loom
13:26 Feudal Age
13:44 Man-at-Arms
18:04 Castle Age
17:42 Double-Bit Axe
18:13 Horse Collar
19:28 Padded Archer Armor
19:19 Fletching
19:29 Crossbowman
22:11 Leather Archer Armor
23:18 Forging
23:09 Scale Mail Armor
23:14 Scale Barding Armor
24:06 Heavy Plow
26:18 Wheelbarrow
26:25 Town Watch
28:26 Gold Mining
28:59 Stone Mining
30:07 Bow Saw
32:16 Stone Shaft Mining
32:34 Iron Casting
34:12 Elite Skirmisher
37:23 Masonry
41:57 Imperial Age
39:43 Hand Cart
41:20 Chain Barding Armor
41:16 Chain Mail Armor
40:58 Bodkin Arrow
43:06 Ironclad
42:16 Sappers
43:35 Cavalier
46:52 Heated Shot
estebanpa
4:34 Loom
11:11 Feudal Age
11:51 Double-Bit Axe
14:47 Horse Collar
19:29 Castle Age
17:28 Man-at-Arms
20:22 Gambesons
19:58 Long Swordsman
21:29 Heavy Plow
25:13 Stone Mining
33:43 Imperial Age
34:09 Bow Saw
34:18 Bloodlines
33:31 Light Cavalry
34:18 Husbandry
34:37 Cavalier
35:26 Scale Barding Armor
37:04 Paladin
38:23 Chain Barding Armor
38:30 Ballistics
38:07 Murder Holes
40:27 Stone Shaft Mining
40:47 Hoardings
41:12 Two-Handed Swordsman
47:27 Hussar
49:19 Squires
52:29 Pikeman
53:27 Halberdier
Darkchild93_
2:17 Loom
10:09 Feudal Age
10:35 Double-Bit Axe
10:31 Horse Collar
20:43 Castle Age
20:53 Stone Mining
22:54 Wheelbarrow
24:12 Gold Mining
24:58 Town Watch
25:15 Arson
26:07 Squires
27:24 Fletching
28:32 Caravan
29:51 Bow Saw
30:08 Scale Mail Armor
30:05 Bodkin Arrow
30:13 Padded Archer Armor
30:13 Elite Skirmisher
31:13 Forging
31:57 Gold Shaft Mining
31:34 Heavy Plow
32:35 Chain Mail Armor
32:37 Leather Archer Armor
32:50 Ballistics
33:24 Coinage
37:51 Imperial Age
35:40 Hand Cart
35:31 Town Patrol
35:31 Pikeman
37:49 Iron Casting
37:12 Treadmill Crane
37:24 Heated Shot
37:58 Halberdier
39:26 Bracer
39:56 Ring Archer Armor
39:57 Plate Mail Armor
41:03 Chemistry
41:21 Curare
40:52 Elite Blackwood Archer
41:40 Murder Holes
41:54 Capped Ram
44:00 Siege Ram
45:17 Conscription
48:57 Banking
D333ZNUTTTZ85
8:49 Feudal Age
9:32 Double-Bit Axe
12:19 Champi Runner
15:57 Scale Mail Armor
17:40 Forging
23:08 Castle Age
21:55 Horse Collar
23:28 Gold Mining
23:29 Stone Mining
24:01 Bow Saw
24:14 Champi Warrior
29:28 Ballistics
30:37 Fletching
30:48 Padded Archer Armor
35:22 Imperial Age
34:07 Gold Shaft Mining
34:19 Malon
36:20 Pikeman
37:05 Halberdier
39:00 Elite Kona
51:37 Iron Casting
51:17 Chain Mail Armor
50:58 Bodkin Arrow
51:18 Leather Archer Armor
52:35 Coinage
53:48 Banking
54:56 Elite Champi Warrior
Connection lost

Rejoining the realm…

Still unreachable

The connection could not be restored.

Session expired

The server has moved on; the page needs a fresh start.